 Dungeon Crawl Stone Soup version 0.30-a0-802-gb92711bcdf (console) character file.

Game seed: 5836570869024976454

217 jejorda2 the Poker (level 5, 0/43 HPs)
             Began as a Merfolk Berserker on Feb 23, 2023.
             Was a Follower of Trog.
             Succumbed to an adder's poison
             ... on level 2 of the Dungeon.
             The game lasted 00:02:11 (1230 turns).

jejorda2 the Poker (Merfolk Berserker)              Turns: 1230, Time: 00:02:12

Health: 0/43       AC:  3    Str: 19    XL:     5   Next: 94%
Magic:  5/5        EV: 12    Int:  6    God:    Trog [*.....]
Gold:   42         SH:  0    Dex: 14    Spells: 4/4 levels left

rFire   . . .      SeeInvis .    a - +0 spear
rCold   . . .      Faith    .    (no shield)
rNeg    . . .      Spirit   .    f - +0 leather armour
rPois   .          Reflect  .    (no helmet)
rElec   .          Harm     .    (no cloak)
rCorr   .          Rampage  .    (no gloves)
Will    .....                    (no boots)
Stlth   +                        (no amulet)
HPRegen 0.27/turn                (no ring)
MPRegen 0.09/turn                (no ring)

@: lethally poisoned (0 -> -3), on berserk cooldown, slowed, very slow
A: (nimble swimmer 2), mertail
a: Renounce Religion, Berserk


You were on level 2 of the Dungeon.
You worshipped Trog.
Trog was aware of your devotion.
You visited 1 branch of the dungeon, and saw 2 of its levels.

You collected 42 gold pieces.

Inventory:

Hand Weapons
 a - a +0 spear (weapon)
Missiles
 d - 25 stones (quivered)
 g - 6 javelins
Armour
 f - a +0 leather armour (worn)
Scrolls
 c - 5 scrolls of identify {unknown}
 e - 2 scrolls of enchant weapon {unknown}
 h - a scroll of silence {unknown}
 i - a scroll of fear {unknown}
Potions
 b - a potion of heal wounds {unknown}
 j - a potion of ambrosia {unknown}


   Skills:
 + Level 4.5 Fighting
 * Level 6.6 Polearms
 + Level 2.5 Armour
 - Level 2.6 Dodging


You had 4 spell levels left.
You didn't know any spells.
Your spell library was empty.

Dungeon Overview and Level Annotations

Branches:
Dungeon (2/15)

Altars:

Annotations:
D:2 Natasha


Innate Abilities, Weirdness & Mutations

((You are very nimble when in or above water. (Stealth+, EV+, Speed+++)))
Your lower body shifts to a powerful aquatic tail in water.


Message History

You miss something.
* * * LOW HITPOINT WARNING * * *
You feel sick.
Natasha casts a spell.
The adder barely misses you.
You closely miss something.
* * * LOW HITPOINT WARNING * * *
You feel sick. The iron imp hits you.
* * * LOW HITPOINT WARNING * * *
Natasha casts a spell at you.
You feel yourself slow down.
You hit something. Trog accepts your kill.
Trog appreciates your killing of a magic user.
Reactivating autopickup.
You feel a bit more experienced.
* * * LOW HITPOINT WARNING * * *
You feel sick. The adder bites you.
* * * LOW HITPOINT WARNING * * *
The adder bites you.
* * * LOW HITPOINT WARNING * * *
Your Fighting skill increases to level 4!
Your Polearms skill increases to level 6!
You have reached level 5!
You feel agile.
You are too berserk!
You barely miss Natasha.
Natasha is lightly wounded.
* * * LOW HITPOINT WARNING * * *
You feel sick. Natasha barely misses you. The iron imp closely misses you.
You closely miss Natasha.
Natasha is lightly wounded.
* * * LOW HITPOINT WARNING * * *
You feel sick. The adder barely misses you. Natasha completely misses you.
You hit Natasha.
Natasha is heavily wounded.
You are no longer berserk.
You are exhausted.
You feel as though you will be slow longer.
You die...

#.#####.#......
#....#.##......
###...###......
##...##......
##.#......"...
##.###.#.##....
#########..............
#......5...##..........
#....)@h...............
#.....5S.......##......
#####.......##.........
....#####..........^
.....## .#.#.......
...... ...#......#
.....( ..........
...[.. ..........
..........


You could see an iron imp (summoned), Natasha, an adder and a white imp
(summoned).

Vanquished Creatures
  Sigmund (D:2)
  Natasha (D:2)
  2 dart slugs (D:1)
  3 endoplasms
  2 giant cockroaches (D:2)
  3 goblins (D:1)
  5 hobgoblins
  4 kobolds
  A quokka (D:1)
  A bat (D:1)
  2 frilled lizards (D:1)
  3 rats
28 creatures vanquished.

Notes
Turn   | Place    | Note
-------+----------+-------------------------------------------
     0 | D:1      | jejorda2 the Merfolk Berserker began the quest for the Orb.
     0 | D:1      | Reached XP level 1. HP: 18/18 MP: 1/1
   184 | D:1      | Reached XP level 2. HP: 24/24 MP: 2/2
   623 | D:1      | Reached XP level 3. HP: 19/29 MP: 3/3
   977 | D:2      | Noticed Natasha
   986 | D:2      | Killed Natasha
   987 | D:2      | Reached skill level 5 in Polearms
  1164 | D:2      | Reached XP level 4. HP: 37/37 MP: 4/4
  1208 | D:2      | Noticed Sigmund
  1208 | D:2      | Noticed Natasha
  1227 | D:2      | Killed Sigmund
  1227 | D:2      | HP: 2/55 [adder (1)]
  1228 | D:2      | Reached skill level 6 in Polearms
  1228 | D:2      | Reached XP level 5. HP: 2/43 MP: 5/5
  1230 | D:2      | Succumbed to an adder's poison

Illustrated notes

Levels and vault maps discovered:
D:1:      heliophobic_arrival_henge, layout_basic
D:2:      layout_rooms, uniq_sigmund, uniq_natasha

Skill      XL: |  1  2  3  4 |
---------------+-------------+-----
Polearms       | 5 6 |  6.6
Armour         | 2 |  2.5
Fighting       | 4 |  4.5
Dodging        | |  2.6

Action                     |  1- 3 |  4- 6 || total
---------------------------+-------+-------++-------
  Melee: Spear             |    82 |    20 ||   102
         Punch             |     2 |       ||     2
 Invoke: Berserk           |     1 |     1 ||     2
   Stab: Sleeping          |     3 |       ||     3
 Armour: Animal skin       |     2 |       ||     2
         Leather armour    |     7 |     3 ||    10
  Dodge: Dodged            |    19 |    15 ||    34

Table legend: (Time is in decaauts)
 A = Elapsed time spent in this place.
 B = Non-inter-level travel time spent in this place.
 C = Inter-level travel time spent in this place.
 D = Time resting spent in this place.
 E = Time spent auto-exploring this place.
 F = Levels seen in this place.
 G = Mean time per level.
                   A        B        C        D        E       F      G
               +--------+--------+--------+--------+--------+-----+--------+
         Total |   1235 |   1101 |    134 |      0 |    865 |   2 |  617.5 |
       Dungeon |   1235 |   1101 |    134 |      0 |    865 |   2 |  617.5 |
               +--------+--------+--------+--------+--------+-----+--------+

Top non-repeatable levels by time:
     D:1: 989 daAuts
     D:2: 246 daAuts
